 Dungeon Crawl Stone Soup version 0.31-a0-145-g046c7d2549 (webtiles) character file.

Game seed: 12529309591466055285

95 Fnord73 the Firebug (level 4, 0/24 HPs)
             Began as a Deep Elf Fire Elementalist on June 6, 2023.
             Slain by a white imp (5 damage)
             ... on level 3 of the Dungeon.
             The game lasted 00:20:20 (1925 turns).

Fnord73 the Firebug (Deep Elf Fire Elementalist)    Turns: 1925, Time: 00:20:21

Health: 0/24       AC:  3    Str:  5    XL:     4   Next: 40%
Magic:  9/11       EV: 12    Int: 22    God:
Gold:   108        SH:  0    Dex: 15    Spells: 6/10 levels left

rFire   . . .        c - +0 short sword
rCold   . . .        (no shield)
rNeg    . . .        p - +0 leather armour
rPois   .            (no helmet)
rElec   .            (no cloak)
rCorr   .            (no gloves)
SInv    +            (no boots)
Will    .....        (no amulet)
Stlth   ++           f - ring of see invisible
HPRegen 0.24/turn    (no ring)
MPRegen 0.12/turn

%: no passive effects
@: no status effects
A: no striking features
a: no special abilities


You were on level 3 of the Dungeon.
You visited 1 branch of the dungeon, and saw 3 of its levels.

You collected 108 gold pieces.

Inventory:

Hand Weapons
 c - a +0 short sword (weapon)
 s - a +0 sling
Missiles
 h - 5 poisoned darts
Armour
 a - a +0 robe
 l - a +2 tower shield
 p - a +0 leather armour (worn)
Jewellery
 f - a ring of see invisible (left hand)
 j - an amulet of faith
Scrolls
 d - a scroll of amnesia {unknown}
 e - 2 scrolls of teleportation
 g - 2 scrolls of blinking {unknown}
 i - 3 scrolls of identify
 k - a scroll of immolation {unknown}
 m - 2 scrolls of magic mapping
 n - a scroll of poison {unknown}
Potions
 o - a potion of enlightenment {unknown}
 q - a potion of ambrosia {unknown}
 r - a potion of mutation {unknown}


   Skills:
 + Level 0.7 Fighting
 + Level 0.5 Short Blades
 + Level 0.1 Armour
 + Level 2.8 Dodging
 + Level 3.0 Stealth
 + Level 3.8 Spellcasting
 + Level 1.8 Conjurations
 + Level 4.3 Fire Magic


You had 6 spell levels left.
You knew the following spells:

 Your Spells              Type           Power      Damage    Failure   Level
a - Foxfire               Conj/Fire      68%        2x1d7     5%          1
b - Inner Flame           Hex/Fire       13%        N/A       24%         3

Your spell library contained the following spells:

 Spells                   Type           Power      Damage    Failure   Level
 Scorch                   Fire           46%        2d6       4%          2
 Volatile Blastmotes      Fire/Tloc      26%        2d12      24%         3
 Poisonous Vapours        Pois/Air       8%         N/A       28%         2
 Mephitic Cloud           Conj/Pois/Air  6%         N/A       41%         3
 Flame Wave               Conj/Fire      17%        2d7       47%         4
 Summon Guardian Golem    Hex/Summ       4%         N/A       50%         3
 Freezing Cloud           Conj/Ice/Air   3%         6-21      99%         5
 Orb of Destruction       Conj           6%         9d6       100%        7
 Spellforged Servitor     Conj/Summ      4%         N/A       100%        7


Dungeon Overview and Level Annotations

Branches:
Dungeon (3/15)

Altars:
Dithmenos


Message History

The orc is almost dead.
Unknown command.
Casting: Foxfire (safe; 5% risk of failure)
Confirm with . or Enter, or press ? or * to list all spells.
You conjure some foxfire!
The orc barely misses you.
The foxfire hits the orc but does no damage.
The orc is almost dead.
The foxfire hits the orc.
You kill the orc!
The foxfire hits the white imp.
The white imp is lightly wounded.
The foxfire hits the white imp.
The white imp is burned terribly!
The white imp is heavily wounded.
The white imp gestures at you. The puff of frost misses you.
The white imp gestures at you. The puff of frost hits you!
There is an open door here.
Magic courses through your body. The white imp gestures at you.
The puff of frost hits you!
There is an open door here.
The orc hits you with a +0 dagger.
* * * LOW HITPOINT WARNING * * *
Casting: Foxfire (safe; 5% risk of failure)
Confirm with . or Enter, or press ? or * to list all spells.
You conjure some foxfire!
The orc hits you with a +0 dagger.
* * * LOW HITPOINT WARNING * * *
The white imp barely misses you.
Casting: Foxfire (safe; 5% risk of failure)
Confirm with . or Enter, or press ? or * to list all spells.
You conjure some foxfire!
The foxfire hits the white imp.
The white imp is burned terribly!
The white imp is almost dead.
The foxfire hits the orc.
The orc is lightly wounded.
The white imp hits you.
* * * LOW HITPOINT WARNING * * *
The white imp freezes you.
You die...

##### ####... +...+ ...#####...#
#...# #.....#)... #...#
#.......#.. #...# #....#..... #.
##### ###...## #'##.#..... ..
#... #......###+##.##....#.. #o
#..# #....§v#...##.##..#....
#o##..#####....v@#...##.###.....#
oo#......)....o5'......# ##.....
#.#..#####<.....######## ##....
#.#....# #......# ###.. #.o..#.#
#......# ## ######.# ######## #


You could see a white imp (ally target) and an orc.

Vanquished Creatures
  4 adders
  A worm (D:2)
  A dart slug (D:1)
  9 orcs (D:3)
  10 ball pythons
  4 endoplasms
  A giant cockroach (D:2)
  4 hobgoblins
  A kobold (D:1)
  A quokka (D:1)
  2 bats
  2 frilled lizards
  3 rats
43 creatures vanquished.

Vanquished Creatures (others)
  113 foxfires
113 creatures vanquished.

Grand Total: 156 creatures vanquished

Notes
Turn   | Place    | Note
-------+----------+-------------------------------------------
     0 | D:1      | Fnord73 the Deep Elf Fire Elementalist began the quest for
                  | the Orb.
     0 | D:1      | Reached XP level 1. HP: 10/10 MP: 6/6
     6 | D:1      | Found a shadowy altar of Dithmenos.
   534 | D:1      | Reached XP level 2. HP: 15/15 MP: 6/8
  1215 | D:2      | Reached XP level 3. HP: 19/19 MP: 6/9
  1302 | D:2      | Reached skill level 4 in Fire Magic
  1354 | D:2      | Learned a level 3 spell: Inner Flame
  1750 | D:3      | Reached XP level 4. HP: 24/24 MP: 9/11
  1925 | D:3      | Slain by a white imp

Illustrated notes

Levels and vault maps discovered:
D:1:      dpeg_arrival_water_altar, layout_loops_corners, st_stairs_3
D:2:      layout_loops_ring, shapermc_ecumenical_altar_mp_vishouse
D:3:      layout_basic, serial_shops, nicolae_shop_behind_doors,
          minmay_misc_feat_plants, eino_tiny_chamber, dreamdust_princess_bridge

Skill      XL: |  1  2  3 |
---------------+----------+-----
Fire Magic     | 4 |  4.3
Stealth        | 3 |  3.0
Fighting       | |  0.7
Short Blades   | |  0.5
Armour         | |  0.1
Dodging        | |  2.8
Spellcasting   | |  3.8
Conjurations   | |  1.8

Action                     |  1- 3 |  4- 6 || total
---------------------------+-------+-------++-------
  Melee: Short sword       |    32 |       ||    32
   Cast: Foxfire           |    57 |    21 ||    78
    Use: Scroll            |     2 |       ||     2
         Potion            |       |     1 ||     1
 Armour: Robe              |     5 |       ||     5
         Leather armour    |     6 |     1 ||     7
  Dodge: Dodged            |    44 |    10 ||    54

Table legend: (Time is in decaauts)
 A = Elapsed time spent in this place.
 B = Non-inter-level travel time spent in this place.
 C = Inter-level travel time spent in this place.
 D = Time resting spent in this place.
 E = Time spent auto-exploring this place.
 F = Levels seen in this place.
 G = Mean time per level.
                   A        B        C        D        E       F      G
               +--------+--------+--------+--------+--------+-----+--------+
         Total |   1925 |   1925 |      0 |    300 |      0 |   3 |  641.7 |
       Dungeon |   1925 |   1925 |      0 |    300 |      0 |   3 |  641.7 |
               +--------+--------+--------+--------+--------+-----+--------+

Top non-repeatable levels by time:
     D:1: 1012 daAuts
     D:2: 483 daAuts
     D:3: 428 daAuts
